 Dungeon Crawl Stone Soup version 0.20-a0-537-g052e6ba (webtiles) character file.

1185 Klosterheim the Grappler (level 8, 0/78 HPs)
             Began as a Troll Monk on Jan 27, 2017.
             Slain by a steam dragon (2 damage)
             ... on level 5 of the Dungeon.
             The game lasted 00:05:00 (3516 turns).

Klosterheim the Grappler (Troll Monk)               Turns: 3516, Time: 00:05:00

Health: 0/78       AC:  6    Str: 20    XL:     8   Next: 19%
Magic:  7/7        EV: 10    Int:  6    God:
Gold:   343        SH:  0    Dex: 14    Spells: 7/7 levels left

rFire    . . .     SeeInvis .     - Unarmed
rCold    . . .     Gourm    +   a - +0 robe
rNeg     + . .     Faith    .   (no shield)
rPois    .         Spirit   .   (helmet restricted)
rElec    .         Reflect  .   u - +0 cloak
rCorr    .         Harm     .   (gloves unavailable)
MR       .....                  (boots unavailable)
Stlth    ++........             (no amulet)
Regen    0.7/turn               (no ring)
                                t - ring of positive energy

@: about to teleport
A: unfitting armour, claws 3, fast metabolism 3, gourmand, regeneration 1,
shaggy fur 1, tough skin 2
a: no special abilities


You were on level 5 of the Dungeon.
You were completely stuffed.

You visited 1 branch of the dungeon, and saw 5 of its levels.

You collected 343 gold pieces.

Inventory:

Armour
 a - a +0 robe (worn)
 u - a +0 cloak (worn)
Jewellery
 t - a ring of positive energy (left claw)
Wands
 p - a wand of iceblast (10/15)
Scrolls
 f - 2 scrolls of magic mapping {unknown}
 j - 5 scrolls of identify {unknown}
 k - 2 scrolls of fog
 r - a scroll of recharging {unknown}
 v - a scroll of fear {unknown}
 x - 3 scrolls of remove curse {unknown}
Potions
 c - a potion of curing
 e - 2 potions of might {unknown}
 h - a potion of cancellation {unknown}
 i - a potion of magic {unknown}
 l - 2 potions of resistance {unknown}
 m - a potion of heal wounds {unknown}
 n - a potion of degeneration {unknown}
 o - a potion of lignification {unknown}
 q - a potion of cure mutation {unknown}
Comestibles
 b - 4 bread rations
 d - 3 meat rations
 g - 3 fruits
 w - a royal jelly
 z - 9 chunks of flesh


   Skills:
 + Level 3.8 Fighting
 - Level 2.4 Dodging
 - Level 1.0 Stealth
 * Level 9.6 Unarmed Combat


You had 7 spell levels left.
You didn't know any spells.

Dungeon Overview and Level Annotations

Branches:
Dungeon (5/15)
 Temple: D:4-7

Altars:
Elyvilon
Hepliaklqana
Qazlal
Sif Muna
Vehumet


Innate Abilities, Weirdness & Mutations

You are too large for most types of armour.
You have claws for hands.
Your metabolism is lightning-fast.
You like to eat raw meat.
Your natural rate of healing is unusually fast.
You are covered in fur. (AC +1)
You have very tough skin. (AC +2)


Message History

The steam dragon is almost dead.
You are engulfed in a cloud of scalding steam.
The steam dragon bites you!
* * * LOW HITPOINT WARNING * * *
The steam dragon claws you but does no damage.
You completely miss the steam dragon.
The steam dragon is almost dead.
You are engulfed in a cloud of scalding steam.
* * * LOW HITPOINT WARNING * * *
It was a potion of curing.
You feel better.
You are engulfed in a cloud of scalding steam.
* * * LOW HITPOINT WARNING * * *
The steam dragon breathes steam at you. The ball of steam hits you!
* * * LOW HITPOINT WARNING * * *
Okay, then.
As you read the scroll labeled DEPRISHUNIO, it crumbles to dust.
You feel strangely unstable.
It was a scroll of teleportation.
The steam dragon completely misses you. The steam dragon claws you.
You die...

........#### #.# #..###### #..
.....###.≈## #####.#
#....#..≈≈.. ###.PP...
#.#.##≈...≈≈ #≈.PP^... #.#.#
...... .P.≈≈P... #.#.# ....≈≈
(.......# ..#.# P....≈#########
≈≈PP≈.... ###.## #..DD@...#
####.P..# #..##
##)######........####(#
##..#####.......########....#.#
##...((.(......# #(.....#
#####.>#(.....# #.##.#.#
##.#......# #.##.#.# #.#......#
#.##.#.. ###'#......## #.##.#<#
#...........# #..#.#.#


You could see 2 steam dragons.

Vanquished Creatures
  Menkaure (D:4)
  The ghost of Klosterheim the Firebug, an amateur DEFE of Vehumet (D:3)
  A sky beast (D:5)
  A centaur (D:5)
  A howler monkey (D:4)
  A centaur zombie (D:5)
  A hound (D:4)
  3 orc priests (D:3)
  A bullfrog skeleton (D:4)
  6 orc wizards (D:5)
  Jessica (D:2)
  Natasha (thrice) (D:2)
  4 worker ants
  4 gnolls (D:3)
  7 adders
  A howler monkey skeleton (D:5)
  4 dart slugs
  4 leopard geckos
  12 orcs
  3 goblins
  9 hobgoblins
  7 jackals
  2 quokkas
  2 ball pythons
  A ball python zombie (D:5)
  8 bats
  9 frilled lizards
  A jackal skeleton (D:4)
  7 kobolds
  11 rats
117 creatures vanquished.

Notes
Turn   | Place    | Note
-------+----------+-------------------------------------------
     0 | D:1      | Klosterheim the Troll Monk began the quest for the Orb.
     0 | D:1      | Reached XP level 1. HP: 22/22 MP: 0/0
    94 | D:1      | Reached XP level 2. HP: 28/29 MP: 1/1
   362 | D:1      | Reached skill level 4 in Unarmed Combat
   738 | D:2      | Reached XP level 3. HP: 36/36 MP: 2/2
   856 | D:2      | Noticed Jessica
   859 | D:2      | Noticed Natasha
   868 | D:2      | Killed Natasha
   870 | D:2      | Killed Jessica
   870 | D:2      | Reached skill level 5 in Unarmed Combat
   870 | D:2      | Reached XP level 4. HP: 37/44 MP: 3/3
   884 | D:2      | Noticed Natasha
   889 | D:2      | Killed Natasha
   932 | D:2      | Found a radiant altar of Vehumet.
   981 | D:2      | Noticed Natasha
   989 | D:2      | Killed Natasha
   989 | D:2      | Reached XP level 5. HP: 38/50 MP: 4/4
  1193 | D:2      | Reached skill level 6 in Unarmed Combat
  1523 | D:3      | Reached XP level 6. HP: 8/59 MP: 5/5
  1630 | D:3      | Found a faded altar of an unknown god.
  1695 | D:3      | Reached skill level 7 in Unarmed Combat
  1705 | D:3      | Found a stormy altar of Qazlal.
  1897 | D:3      | Noticed Klosterheim's ghost (amateur DEFE)
  1903 | D:3      | Killed Klosterheim's ghost
  2350 | D:4      | Found a white marble altar of Elyvilon.
  2472 | D:4      | Reached skill level 8 in Unarmed Combat
  2472 | D:4      | Reached XP level 7. HP: 66/66 MP: 6/6
  2631 | D:4      | Noticed Menkaure
  2638 | D:4      | Killed Menkaure
  2679 | D:4      | Found a deep blue altar of Sif Muna.
  2891 | D:5      | Entered Level 5 of the Dungeon
  2995 | D:5      | Reached skill level 9 in Unarmed Combat
  3198 | D:5      | Found a hazy altar of Hepliaklqana.
  3298 | D:5      | Reached XP level 8. HP: 75/75 MP: 7/7
  3515 | D:5      | HP: 1/78 [steam dragon/ball of steam (21)]
  3516 | D:5      | Slain by a steam dragon

Vault maps used:
D:1:      tarquinn_simple_flora_water_b
D:2:      old_standard_altar, minivault_27, uniq_jessica, uniq_natasha
D:3:      lemuel_coloured_pillars_altar, first_bread,
          chequers_ecumenical_altar_twisty
D:4:      marbit_many_paths, led_sif_pool, uniq_menkaure
D:5:      kennysheep_steamy, kennysheep_mini

Skill      XL: |  1  2  3  4  5  6  7 |
---------------+----------------------+-----
Unarmed Combat | 4 5 6 8 9 |  9.6
Fighting       | 3 |  3.8
Dodging        | |  2.4
Stealth        | |  1.0

Action                   |  1- 3 |  4- 6 |  7- 9 || total
-------------------------+-------+-------+-------++-------
Melee: Unarmed           |    74 |   110 |    97 ||   281
       Punch             |     1 |     3 |     3 ||     7
  Use: Scroll            |       |     4 |     1 ||     5
       Potion            |       |       |     1 ||     1
 Stab: Sleeping          |     1 |     2 |     1 ||     4
  Eat: Chunk             |    13 |    15 |    10 ||    38
Armor: Robe              |    14 |    24 |    33 ||    71
Dodge: Dodged            |    39 |    42 |    51 ||   132
